Map: Void Training Stage 3

Players

LindyHop - Winner!

  • Race: Zerg Zerg
  • League: Platinum

Player 2

  • Race: Terran Terran

VOD

Have the link to the VOD?

Description

Time

  • Played on: Dec. 10, 2015, 7:38 p.m.
  • Length: 9:25
Show
View Real Time Build Order
Export as new Build Order

LindyHop Zerg - Winner!

Build Orders: Hatch First 

Get SALT Encoding   

  12  0:01  Drone  
  13  0:13  Overlord  
  13  0:20  Drone  
  14  0:31  Drone x2  
  14  0:35  Drone  
  17  0:55  Hatchery  
  16  1:00  Drone  
  16  1:02  Drone  
  18  1:05  Extractor  
  18  1:07  Drone  
  18  1:21  Spawning Pool  
  17  1:25  Drone  
  17  1:29  Drone  
  19  1:39  Overlord  
  19  1:51  Drone  
  20  2:01  Drone  
  21  2:07  Metabolic Boost  
  21  2:08  Queen  
  21  2:13  Queen  
  25  2:16  Overlord  
  25  2:21  Zergling x2  
  25  2:22  Zergling x2  
  27  2:30  Drone x2  
  27  2:34  Drone  
  30  2:39  Drone  
  31  2:44  Drone  
  32  2:55  Drone x2  
  34  3:01  Overlord  
  34  3:06  Drone  
  34  3:10  Queen  
  37  3:14  Drone  
  37  3:17  Drone  
  39  3:21  Drone x3  
  39  3:24  Drone  
  43  3:35  Hatchery  
  43  3:40  Drone x4  
  46  3:44  Overlord  
  46  3:45  Roach Warren  
  45  3:49  Queen  
  47  3:56  Extractor  
  46  4:05  Drone x3  
  49  4:12  Extractor  
  49  4:13  Drone  
  49  4:14  Drone x2  
  51  4:20  Drone x2  
  51  4:21  Zergling x2  
  54  4:25  Lair  
  54  4:29  Evolution Chamber, Extractor  
  54  4:30  Roach x2  
  54  4:31  Evolution Chamber  
  55  4:38  Roach  
  57  4:39  Drone x3  
  60  4:46  Overlord  
  60  4:47  Overlord  
  60  4:55  Drone x2  
  60  4:56  Drone  
  63  5:13  Drone  
  63  5:14  Drone x6  
  66  5:15  Drone x3  
  66  5:20  Drone  
  74  5:23  Glial Reconstitution  
  74  5:24  Zerg Missile Weapons Level 1, Zerg Ground Armor Level 1  
  74  5:29  Drone x2  
  74  5:30  Drone  
  74  5:34  Drone x3  
  80  5:43  Overlord x2  
  80  5:46  Extractor  
  79  5:50  Roach, Extractor  
  79  5:51  Roach  
  82  6:12  Overlord, Roach x3  
  82  6:13  Overlord x2  
  82  6:17  Roach x5  
  98  6:25  Overlord x4  
  98  6:32  Roach  
  108  6:33  Roach x6  
  112  6:41  Overlord x2  
  112  6:44  Roach  
  112  6:45  Roach x3  
  120  6:49  Roach x3  
  120  6:50  Roach  
  128  6:56  Overlord x2  
  128  6:58  Burrow  
  126  7:04  Roach  
  126  7:05  Roach x2  
  126  7:07  Roach x2  
  126  7:08  Roach  
  138  7:11  Roach  
  140  7:16  Roach  
  140  7:17  Roach  
  140  7:18  Roach x3  
  140  7:19  Roach x2  
  154  7:26  Roach  
  154  7:27  Roach  
  154  7:28  Roach x2  
  159  7:38  Roach  
  159  7:39  Roach x4  
  159  7:42  Overlord  
  159  7:43  Overlord  
  169  7:55  Roach x5  
  169  7:58  Overlord  
  179  8:03  Overlord  
  179  8:06  Overlord x3  
  179  8:08  Roach  
  179  8:09  Roach  
  179  8:10  Roach x3  
  189  8:18  Roach x2  
  189  8:19  Roach x3  
Show
View Real Time Build Order
Export as new Build Order

Player 2 Terran 

Build Orders:  

Get SALT Encoding   

  12  0:00  SCV  
  13  0:13  SCV  
  14  0:20  Supply Depot  
  14  0:25  SCV  
  15  0:42  SCV  
  16  0:44  Barracks  
  16  0:49  Refinery  
  16  0:54  SCV  
  17  1:06  SCV  
  18  1:15  Supply Depot  
  18  1:31  Marine  
  19  1:33  Barracks, Orbital Command  
  19  1:42  Refinery  
  19  1:49  Barracks Tech Lab  
  19  2:08  Marauder  
  21  2:11  Supply Depot  
  21  2:19  Marine  
  22  2:31  Marine  
  23  2:44  Marine  
  24  2:46  Supply Depot  
  24  2:56  Marine  
  24  2:57  SCV  
  26  3:08  Marine  
  26  3:09  SCV  
  28  3:15  Engineering Bay  
  28  3:21  SCV, Marauder  
  31  3:32  Marine  
  31  3:33  SCV  
  33  3:45  SCV, Marauder  
  36  3:50  Supply Depot  
  36  3:57  Marine  
  36  3:58  SCV  
  38  4:09  Marine  
  39  4:21  Marine  
  40  4:33  Marine  
  41  5:24  SCV  
  41  6:43  Barracks Tech Lab  
  41  6:45  Factory  
  40  6:48  Factory  
  40  6:50  Supply Depot  
  40  6:51  Command Center  
  40  6:52  Missile Turret  
  40  6:54  Missile Turret  
  40  6:57  Sensor Tower  
  40  7:00  Barracks  
  40  7:14  Bunker  
  40  7:26  Marine  
  27  7:33  Factory Tech Lab, Starport  
  27  7:34  Factory Tech Lab  
  27  7:36  Armory  
  23  7:38  Marine  
  24  7:48  Barracks Reactor  
  24  7:51  Marine  
  25  8:03  SCV, Marine  
  25  8:04  Refinery  
  27  8:06  SCV  
  28  8:13  Missile Turret, Starport Tech Lab  
  28  8:14  Missile Turret  
  28  8:15  SCV, Marine  
  28  8:16  Refinery  
  28  8:18  SCV  
  30  8:27  SCV  
  30  8:28  Marauder  
  30  8:30  SCV  
  30  8:34  Bunker, Raven  
  34  8:39  SCV, Marine  
  38  8:42  SCV  
  39  8:51  SCV, Hellion  
  36  8:58  Hellion  
  26  9:03  SCV  
Tags
 
Add a new tag
Caveats
  • Supply blocks, unpowered buildings, or Contaminate may cause inaccurate times.
  • Supply counts are checked every 10 seconds.